 Dungeon Crawl Stone Soup version 0.18-a0-1109-gfc003ac (webtiles) character file.

83 xgamer67 the Cudgeler (level 4, -3/29 HPs)
             Began as an Octopode Wanderer on Jan 16, 2016.
             Shot with a stone by a goblin (5 damage)
             ... on level 3 of the Dungeon.
             The game lasted 00:05:22 (2117 turns).

xgamer67 the Cudgeler (Octopode Wanderer)           Turns: 2117, Time: 00:05:22

Health: -3/29      AC:  1    Str: 11    XL:     4   Next: 44%
Magic:  4/4        EV: 13    Int: 16    God:
Gold:   112        SH:  0    Dex: 13    Spells: 0 memorised, 3 levels left

rFire  . . .     SeeInvis .     a - +0 mace
rCold  + . .     Gourm    .     (no shield)
rNeg   . . .     Faith    .     (helmet restricted)
rPois  .         Spirit   .     (no amulet)
rElec  .         Dismiss  .     k - ring of protection from cold
rCorr  .         Reflect  .     h - +3 ring of intelligence
SustAt .         Harm     .     (no ring)
MR     .....                    (no ring)
Stlth  +++.......               (no ring)
                                (no ring)
                                (no ring)
                                (no ring)

@: not resistant to hostile enchantments, fairly stealthy
A: almost no armour, amphibious, 8 rings, constrict 8, camouflage 1, gelatinous
body 1
a: no special abilities


You were on level 3 of the Dungeon.
You were not hungry.

You visited 1 branch of the dungeon, and saw 3 of its levels.

You collected 112 gold pieces.

Inventory:

Hand Weapons
 a - a +0 mace (weapon)
 c - a +2 dagger
 o - a +0 short sword of electrocution
Missiles
 t - 7 javelins (quivered)
Jewellery
 h - a +3 ring of intelligence (right tentacle)
 k - a ring of protection from cold (left tentacle)
Scrolls
 e - a scroll of enchant weapon
 g - a scroll of enchant armour
 j - a scroll of noise
 q - a scroll of recharging
 s - a scroll of teleportation
 u - a scroll of immolation
Potions
 b - a potion of berserk rage
 d - 2 potions of lignification
 l - a potion of magic
 m - a potion of heal wounds
 n - a potion of curing
 r - 2 potions of might
Comestibles
 f - 2 bread rations
 i - 6 chunks of flesh
 p - a beef jerky
 v - a slice of pizza


   Skills:
 - Level 2.0 Fighting
 - Level 7.0 Maces & Flails
 + Level 3.2 Dodging
 - Level 3.1 Stealth


You had 3 spell levels left.
You didn't know any spells.

Dungeon Overview and Level Annotations

Branches:
Dungeon (3/15)

Altars:


Innate Abilities, Weirdness & Mutations

You cannot wear most types of armour.
You are amphibious.
You can wear up to eight rings at the same time.
You can use your tentacles to constrict eight enemies at once.
Your skin changes colour to match your surroundings (Stealth).
Your rubbery body absorbs attacks (AC +1).


Message History

The goblin shoots a stone.
The stone barely misses you.
The goblin shouts!
Found a red potion.
A goblin comes into view. It is wielding a hunting sling.
The goblin shouts!
The goblin shoots a stone.
The stone hits you.
The goblin shoots a stone.
The stone hits you.
The goblin shoots a stone.
The stone hits you.
Found 3 scrolls labeled EMEURH KERHAF.
You see here 3 stones.
The goblin shoots a stone.
The stone misses you.
The goblin shoots a stone.
The stone barely misses you.
The goblin shoots a stone.
The stone hits you.
You see here a stone.
The goblin shoots a stone.
The stone hits you.
* * * LOW HITPOINT WARNING * * *
You see here 3 stones.
The goblin shoots a stone.
The stone hits you!
* * * LOW HITPOINT WARNING * * *
You see here a stone.
The goblin shoots a stone.
The stone hits you.
You die...

≈≈≈.....≈≈≈≈≈≈.
..≈≈≈≈≈≈≈
.....g.........
.........
.....g.(...?...
.........
.....g.g.......
.........
......g.....#
########.
#...g###.# #.
#....(.#.#
#########.
##...(((.#
#.........
##..#.#@#
#.......).
#..#.#.#
#.........
#..#.#.#
#.........
#..#.#.#
#.........
#..#.#.#
#########.
#....#.# #.
##.###.# #.
#.###.# #.
#..##.# ###
##### #.


You could see 3 goblins.

Vanquished Creatures
  A gnoll (D:1)
  An adder (D:2)
  A worm (D:3)
  3 giant geckos
  7 bats
  4 giant cockroaches
  5 goblins
  10 hobgoblins
  A quokka (D:2)
  2 giant newts
  7 kobolds
  14 rats
56 creatures vanquished.

Notes
Turn   | Place    | Note
--------------------------------------------------------------
     0 | D:1      | xgamer67 the Octopode Wanderer began the quest for the Orb.
     0 | D:1      | xgamer67 set off with: a +2 dagger, a potion of berserk rage, a +0 mace, a potion of lignification, a bread ration
     0 | D:1      | Reached XP level 1. HP: 13/13 MP: 1/1
    84 | D:1      | Reached XP level 2. HP: 5/18 MP: 2/2
   462 | D:1      | Reached skill level 1 in Dodging
   715 | D:1      | Reached XP level 3. HP: 24/24 MP: 3/3
  1686 | D:2      | Reached XP level 4. HP: 29/29 MP: 4/4
  2116 | D:3      | HP: 1/29 [goblin/stone (7)]
  2117 | D:3      | Shot with a stone by a goblin

Vault maps used:
D:1:      dpeg_arrival_rhombi
D:3:      minmay_goblin_kobold_castle, tgw_trog

Action                   |  1- 3 |  4- 6 || total
-------------------------+-------+-------++-------
Melee: Mace              |    79 |    25 ||   104
Throw: Javelin           |       |     2 ||     2
  Use: Scroll            |     6 |     2 ||     8
       Potion            |     3 |       ||     3
 Stab: Sleeping          |     5 |     6 ||    11
       Distracted        |     1 |       ||     1
  Eat: Chunk             |     2 |     2 ||     4
